[Event "Live Chess"]
[Site "Chess.com"]
[Date "2024.06.01"]
[Round "-"]
[White "TedUdale"]
[Black "MagnersCarlsberg2870"]
[Result "0-1"]
[WhiteElo "2133"]
[BlackElo "1813"]
[TimeControl "300"]
[EndTime "13:34:48 PDT"]
[Termination "MagnersCarlsberg2870 won by resignation"]

1. e4 d5 2. exd5 Nf6 3. c4 Bg4 4. Nf3 c6 5. dxc6 Nxc6 6. Be2 e6 7. O-O Bd6 8. d4 Qa5 9. Nc3 Qh5 10. g3 O-O 11. d5 exd5 12. Nxd5 Ne5 13. Nxf6+ gxf6 14. Nd4 Bc5 15. Bxg4 Nxg4 16. h4 Rad8 17. Be3 Qe5 18. Re1 Nxe3 19. Rxe3 Qxd4 20. Qf3 Qxb2 21. Qg4+ Kh8 22.
Rae1 Bxe3 23. Rxe3 Qb1+ 24. Kg2 Qg6 25. Qf3 Rfe8 26. Rb3 Qe4 27. Qxe4 Rxe4 28. Rxb7 Rxc4 29. Rxa7 Rc2 30. Rxf7 Rxa2 31. Rxf6 Kg7 32. Rf5 Rf8 33. Rxf8 Kxf8 34. g4 Kf7 35. Kg3 Kg6 36. f3 Ra3 37. Kf4 Ra4+ 38. Kg3 h6 39. Kh3 Ra3 40. Kg3 Ra1 41. h5+ Kf6 42. Kf4 Ra4+ 43. Kg3 Kg5 44. Kg2 Kf4 0-1

[Event "Live Chess"]
[Site "Chess.com"]
[Date "2024.06.01"]
[Round "-"]
[White "Sweet-O"]
[Black "Pablo_dmp"]
[Result "0-1"]
[WhiteElo "1545"]
[BlackElo "2013"]
[TimeControl "300"]
[EndTime "13:35:05 PDT"]
[Termination "Pablo_dmp won by resignation"]

1. d4 c5 2. dxc5 e6 3. Nc3 Bxc5 4. Bf4 Qb6 5. Ne4 Qb4+ 6. Nd2 Qxf4 7. Ngf3 Nf6 8. g3 Qb4 9. e3 Qxb2 10. Rb1 Qxa2 11.
Bc4 Qa5 12. Ra1 Qc7 13. Ke2 d5 14. Bb5+ Bd7 15. Bd3 e5 16. Nxe5 Qxe5 17. Kf3 Bg4+ 0-1

[Event "Live Chess"]
[Site "Chess.com"]
[Date "2024.06.01"]
[Round "-"]
[White "NeilDruggan73"]
[Black "stevochess11"]
[Result "1-0"]
[WhiteElo "1760"]
[BlackElo "1703"]
[TimeControl "300"]
[EndTime "13:35:08 PDT"]
[Termination "NeilDruggan73 won by checkmate"]

1. d4 Nf6 2. Bg5 Ne4 3. h4 h6 4. Bf4 d5 5. e3 c5 6. Bd3 Nc6 7. Nd2 Nxd2 8. Qxd2 cxd4 9. exd4 Qb6 10. c3 e6 11. Nf3 Bd7 12. O-O Be7 13. Rae1 Qd8 14. g3 a6 15. b4 Rc8 16. a4 O-O 17. Bb1 f5 18. Ne5 Nxe5 19. dxe5 Bxa4 20. Kg2 Qc7 21.
Re3 Rfd8 22. Rg1 Bc6 23. Kh3 g5 24. hxg5 hxg5 25. g4 fxg4+ 26. Rxg4 Kf7 27. Bxg5 Bxg5 28. Rf3+ Ke7 29. Qxg5+ Kd7 30. Rf7+ Ke8 31. Qg8# 1-0

[Event "Live Chess"]
[Site "Chess.com"]
[Date "2024.06.01"]
[Round "-"]
[White "gobbles19"]
[Black "agamilewska"]
[Result "1-0"]
[WhiteElo "2243"]
[BlackElo "1767"]
[TimeControl "300"]
[EndTime "13:35:08 PDT"]
[Termination "gobbles19 won by resignation"]

1. e4 e5 2. d4 exd4 3. c3 d5 4. exd5 Qxd5 5. cxd4 Nc6 6. Nf3 Bg4 7. Be2 Bb4+ 8. Nc3 Bxc3+ 9. bxc3 Nf6 10. O-O O-O 11.
h3 Bxf3 12. Bxf3 Qd6 13. a4 a6 14. Ba3 Qd7 15. Bxf8 Rxf8 16. Re1 h6 17. Qc2 b6 18. Rad1 Na5 19. c4 Rd8 20. c5 Nd5 21. cxb6 cxb6 22. Bxd5 Qxd5 23. Qc7 Nc4 24. Qa7 Nb2 25. Rd2 Nxa4 26.
Qxa6 Nc3 27. Qxb6 Ne4 28. Rxe4 1-0

[Event "Live Chess"]
[Site "Chess.com"]
[Date "2024.06.01"]
[Round "-"]
[White "KeithArkell"]
[Black "MaksymYurii"]
[Result "1-0"]
[WhiteElo "2453"]
[BlackElo "947"]
[TimeControl "300"]
[EndTime "13:35:23 PDT"]
[Termination "KeithArkell won by checkmate"]

1. d4 e6 2. Nf3 Nc6 3. Nc3 d5 4. e4 dxe4 5. Nxe4 Be7 6. Bb5 Bd7 7. O-O a6 8. Bc4 Nf6 9. Qe2 O-O 10. c3 b5 11. Bd3 Nxe4 12. Qxe4 g6 13. Bh6 Re8 14.
Rfe1 Bd6 15. h4 Ne7 16. h5 Nf5 17. Bg5 f6 18. Bd2 g5 19. g4 Nh6 20. Qxh7+ Kf8 21. Qxh6+ Ke7 22. Qg7# 1-0

[Event "Live Chess"]
[Site "Chess.com"]
[Date "2024.06.01"]
[Round "-"]
[White "Queensandpawns"]
[Black "chessfiction"]
[Result "1-0"]
[WhiteElo "2376"]
[BlackElo "2372"]
[TimeControl "300"]
[EndTime "13:35:43 PDT"]
[Termination "Queensandpawns won on time"]

1. e4 d6 2. d4 Nf6 3. Nc3 c6 4. Nf3 Nbd7 5. h3 e5 6. Be3 Be7 7. Qd2 Qc7 8. O-O-O b5 9. dxe5 dxe5 10. Nh4 b4 11. Na4 Nxe4 12. Qd3 Nec5 13. Nxc5 Nxc5 14. Qc4 Be6 15. Qe2 Qa5 16. Bxc5 Bxc5 17. Qxe5 O-O 18. Bd3 Rad8 19. Nf5 Bxf5 20. Qxf5 g6 21. Qe5 Rd5 22. Qf6 Qxa2 23. Qxc6 Bxf2 24. Kd2 Rfd8 25. Rhf1 Qxb2 26.
Ke2 Bc5 27. Be4 Rxd1 28. Rxd1 Rxd1 29. Kxd1 Qd4+ 30. Kc1 a5 31. Bd5 Kg7 32. Qb7 Qf4+ 33. Kb1 Bd4 34. Ka2 Qf1 35. Kb3 Qb1+ 36. Kc4 Qxc2+ 37.
Kxd4 Qd2+ 38. Ke5 Qc3+ 39. Kd6 Qf6+ 40. Kc5 g5 41. Qc6 Qc3+ 42. Kd6 Qxc6+ 43. Kxc6 a4 44. Kb5 b3 45. Kxa4 b2 46. Ba2 f5 47. Bb1 Kf6 48. Kb3 Ke5 49. Kxb2 Kf4 50. Kc3 g4 51. hxg4 fxg4 52. Bxh7 Kg3 53. Be4 Kf4 54. Ba8 Ke3 55. Kc2 Kf2 56. Kd1 g3 57. Kd2 Kg1 58. Bf3 Kh2 59. Kd3 Kg1 60. Ke4 Kh2 61. Ke5 Kg1 62. Kd5 Kh2 63. Kd6 Kg1 64. Ke7 Kh2 65. Kf8 Kg1 66. Ke8 Kh2 67. Kd8 Kg1 68. Kc8 Kh2 69.
Kb8 Kg1 70. Ka8 Kh2 71. Ka7 1-0

[Event "Live Chess"]
[Site "Chess.com"]
[Date "2024.06.01"]
[Round "-"]
[White "dhairyapandyauk"]
[Black "DoggyDalmatian"]
[Result "1-0"]
[WhiteElo "1688"]
[BlackElo "1541"]
[TimeControl "300"]
[EndTime "13:35:45 PDT"]
[Termination "dhairyapandyauk won by resignation"]

1. e4 e5 2. Nf3 Nc6 3. Bc4 Bc5 4.
d3 Nf6 5. Nc3 d6 6. Bg5 h6 7.
Bh4 Bg4 8. h3 Bh5 9. g4 Bg6 10.
Nd5 Na5 11. b4 Nxc4 12. bxc5 Na5 13. c4 Nc6 14. Qb3 Rb8 15. a4 a5 16. Rb1 dxc5 17. Qb5 Qd6 18. Bxf6 gxf6 19. Nh4 b6 20. Nf5 Bxf5 21. gxf5 Kf8 22. Rg1 Rg8 23. Rxg8+ Kxg8 24. Qxc6 Qxc6 25. Ne7+ Kh7 26. Nxc6 Rg8 27. Ke2 Rg2 28. Kf3 Rg5 29. h4 Rg8 30. Ne7 Re8 31. Nd5 Rd8 32.
Rg1 Kh8 33. Nxf6 Rxd3+ 34. Ke2 Rd8 35. Nd5 Kh7 36. f6 Kh8 37. Rg7 Rd7 38. Ne7 c6 39. Rg8+ Kh7 40. Rg7+ Kh8 41. Rxf7 b5 42. Ng6+ Kg8 43.
Rxd7 1-0

[Event "Live Chess"]
[Site "Chess.com"]
[Date "2024.06.01"]
[Round "-"]
[White "bobby_jamesFischer86"]
[Black "AndrewBak1"]
[Result "0-1"]
[WhiteElo "1610"]
[BlackElo "1836"]
[TimeControl "300"]
[EndTime "13:36:01 PDT"]
[Termination "AndrewBak1 won on time"]

1. d4 d5 2. c4 c6 3. cxd5 cxd5 4. Nf3 Nc6 5. Nc3 Bf5 6. e3 e6 7. Bd3 Bg6 8. O-O Nf6 9. a3 Bd6 10. Nb5 Bb8 11. b4 a6 12. Nc3 O-O 13. Bb2 Qd6 14. g3 Bh5 15. Be2 Bg4 16. Na4 Bh3 17. Re1 b5 18. Nc5 Ne4 19. Ne5 Nxe5 20. dxe5 Qe7 21. Nxe4 dxe4 22. Bf1 Bxf1 23. Rxf1 Rd8 24. Qe2 Qg5 25.
Rfd1 Bxe5 26. Bxe5 Qxe5 27. Rac1 h6 28. Qc2 Rd5 29.
Qc6 Rad8 30. Rxd5 exd5 31. Qxa6 d4 32. exd4 Rxd4 33. Qc8+ Kh7 34. Qc2 g6 35. Qc5 Rd5 36. Qf8 Qe6 37. Qc8 Rd1+ 38. Kg2 Rxc1 39. Qxc1 Qb3 40. Qe3 Qc4 41. h3 f5 42. Qa7+ Kg8 43.
Qb8+ Kf7 44. Qb7+ Kf6 45. Qb6+ Ke5 46. Qxg6 Qd3 47. Qe8+ Kd4 48. Qd7+ Kc3 49. Qxf5 Kb3 50. h4 Kxa3 51. Qf4 Kxb4 52. Qf8+ Kc3 53. Qc5+ Qc4 54. Qe5+ Kb3 55. Qa1 b4 56. Qb1+ Ka4 57. Qa1+ Kb5 58.
Qe5+ Kb6 59. Qd6+ Kb5 60. Qd7+ Kc5 61. Qc7+ Kd4 62. Qd6+ Kc3 63. Qe5+ Qd4 64. Qc7+ Kb2 65. Qa5 b3 66. Qe1 Ka2 67. Qe2+ b2 68. Qd1 Qxd1 0-1

[Event "Live Chess"]
[Site "Chess.com"]
[Date "2024.06.01"]
[Round "-"]
[White "degringolade64"]
[Black "WeakOldFinished"]
[Result "0-1"]
[WhiteElo "2139"]
[BlackElo "2214"]
[TimeControl "300"]
[EndTime "13:36:02 PDT"]
[Termination "WeakOldFinished won by resignation"]

1. e4 c5 2. Nf3 d6 3. Bb5+ Nc6 4. O-O Bd7 5. Re1 a6 6. Bf1 Nf6 7. c3 Bg4 8. d4 cxd4 9. cxd4 Bxf3 10. gxf3 e6 11.
Bg5 Be7 12. Nc3 d5 13. Bxf6 Bxf6 14. exd5 Nxd4 15. Re4 Qb6 16. Qa4+ Kf8 17. dxe6 Nxf3+ 18. Kg2 Ne5 19. Rae1 Qc6 20. Qxc6 Nxc6 21. Nd5 fxe6 22. Nc7 Rc8 23. Nxe6+ Kf7 24. Bc4 b5 25. Nd8+ Kg6 26.
Bf7+ Kh6 27. Ne6 Nd8 28. Nxd8 Rhxd8 29. R1e3 g6 30. Re6 Kg7 31. Rxa6 Kxf7 32. Rf3 Kg7 33. Rfxf6 Rc2 34. Rfb6 Rxb2 35. a4 Rdd2 36. Ra7+ Kh6 37. Rxb5 Rxf2+ 38. Kg3 Rg2+ 39. Kf3 Rxh2 40. Rxb2 Rxb2 41. a5 Kg5 42. a6 h5 43. Ra8 Ra2 44.
a7 h4 45. Ke3 h3 46. Rh8 Rxa7 47. Rxh3 Ra3+ 0-1

[Event "Live Chess"]
[Site "Chess.com"]
[Date "2024.06.01"]
[Round "-"]
[White "Zhevzh1k7"]
[Black "upoe610"]
[Result "0-1"]
[WhiteElo "1099"]
[BlackElo "2233"]
[TimeControl "300"]
[EndTime "13:36:02 PDT"]
[Termination "upoe610 won by resignation"]

1. e4 e5 2. Nf3 Nc6 3. Bc4 Nf6 4. Nc3 Nxe4 5. Nxe4 d5 6. Bb5 dxe4 7. Bxc6+ bxc6 8.
Nxe5 Qg5 9. Nxc6 Qxg2 10. Rf1 Bg4 11. f3 Bxf3 12. Rxf3 exf3 0-1

[Event "Live Chess"]
[Site "Chess.com"]
[Date "2024.06.01"]
[Round "-"]
[White "LL220284LL"]
[Black "nitrofish07"]
[Result "1-0"]
[WhiteElo "2561"]
[BlackElo "2095"]
[TimeControl "300"]
[EndTime "13:36:13 PDT"]
[Termination "LL220284LL won by resignation"]

1. e4 c5 2. b3 e5 3. Bb2 d6 4.
Nf3 Nc6 5. Bc4 Nf6 6. d3 Be7 7.
Nbd2 O-O 8. Nf1 a6 9. Bd5 Be6 10.
Bxe6 fxe6 11. Ng3 b5 12. a4 b4 13. O-O a5 14. Nd2 d5 15. Ne2 Qc7 16. h3 Rad8 17.
f4 exf4 18. Nxf4 c4 19. Nxe6 Qb6+ 20. Kh1 c3 21. Bc1 cxd2 22. Bxd2 dxe4 23. Nxf8 Bxf8 24.
Bg5 Be7 25. Qe1 exd3 26. Qe6+ Kh8 27. cxd3 Qc5 28. Bxf6 Bxf6 29. Rac1 Nd4 30. Qxf6 gxf6 31. Rxc5 Nxb3 32. Rc7 Rd6 33. Re1 1-0

[Event "Live Chess"]
[Site "Chess.com"]
[Date "2024.06.01"]
[Round "-"]
[White "Hoogleboogle"]
[Black "Brooms1989"]
[Result "1-0"]
[WhiteElo "1421"]
[BlackElo "1109"]
[TimeControl "300"]
[EndTime "13:36:15 PDT"]
[Termination "Hoogleboogle won by resignation"]

1. d4 Nf6 2. c4 g6 3. Bg5 Bg7 4.
e3 O-O 5. Bd3 d5 6. Nc3 dxc4 7.
Bxc4 Nc6 8. Nf3 a6 9. Ne5 Nxe5 10. dxe5 Qxd1+ 11. Rxd1 h6 12. exf6 exf6 13. Bf4 g5 14.
Bxc7 1-0

[Event "Live Chess"]
[Site "Chess.com"]
[Date "2024.06.01"]
[Round "-"]
[White "GoldsmanB"]
[Black "matt1979"]
[Result "1-0"]
[WhiteElo "1097"]
[BlackElo "1368"]
[TimeControl "300"]
[EndTime "13:36:20 PDT"]
[Termination "GoldsmanB won on time"]

1. d4 e6 2. e4 d5 3. e5 c5 4. c3 Nc6 5. Nf3 Qb6 6. Be2 cxd4 7. cxd4 Nge7 8. Na3 Nf5 9. Nc2 Bb4+ 10. Kf1 Be7 11.
Bd3 Nfxd4 12. Nfxd4 Nxd4 13. Nxd4 Bd7 14. Nb3 O-O 15.
Qh5 g6 16. Qe2 Rfe8 17. Be3 Qc7 18. Rc1 Qxe5 19. Bd4 Qg5 20. Be3 Qf6 21. Rc2 a6 22. Qf3 Qxf3 23. gxf3 Ba4 24. Bc5 Bxc5 25. Rxc5 Bxb3 26.
axb3 Rac8 27. Rxc8 Rxc8 28. Ke2 e5 29. Rg1 Kg7 30. Rg5 f6 31. Rg1 Rc6 32. Kd2 Rb6 33. Bc2 Rb4 34. Ra1 Rh4 35. Ra5 d4 36.
Rd5 Rxh2 37. Rd7+ Kh6 38. Rxb7 Rxf2+ 39. Kd1 Rxf3 40. Rb6 Kg5 41. Rxa6 h5 42. b4 h4 43. Ra8 Kf4 44. b5 Ke3 45. Ra3+ Kf2 46. Rxf3+ Kxf3 47. b6 h3 48. Be4+ Kxe4 49. b7 h2 50. b8=Q h1=Q+ 51.
Kc2 Qg2+ 52. Kb3 Qf3+ 53. Ka2 Qd3 54. Qb7+ Ke3 55. Qg2 Qe2 56. Qxg6 d3 57. Qh6+ Kf2 58.
Qh4+ 1-0

[Event "Live Chess"]
[Site "Chess.com"]
[Date "2024.06.01"]
[Round "-"]
[White "booktrunk"]
[Black "koekoekoe"]
[Result "0-1"]
[WhiteElo "1396"]
[BlackElo "2027"]
[TimeControl "300"]
[EndTime "13:36:35 PDT"]
[Termination "koekoekoe won by resignation"]

1. d4 d5 2. Nc3 Nf6 3. Bf4 Bf5 4. Nb5 Na6 5. e3 e6 6. h3 Bb4+ 7. c3 Ba5 8. a3 O-O 9. b4 Bb6 10. a4 c6 11. Nd6 Qd7 12. Nxf5 exf5 13. b5 Nc7 14.
bxc6 bxc6 15. Nf3 Ne4 16. Qc2 Ba5 17. Bd3 Bxc3+ 18. Kf1 Bxa1 0-1

[Event "Live Chess"]
[Site "Chess.com"]
[Date "2024.06.01"]
[Round "-"]
[White "wadsy27"]
[Black "grillage"]
[Result "1-0"]
[WhiteElo "2539"]
[BlackElo "1880"]
[TimeControl "300"]
[EndTime "13:36:47 PDT"]
[Termination "wadsy27 won by resignation"]

1. c4 c5 2. g3 Nc6 3. Bg2 g6 4. Nc3 Bg7 5. Nf3 Nf6 6. d4 cxd4 7. Nxd4 Nxd4 8. Qxd4 O-O 9. O-O d6 10. Qd3 a6 11. Bg5 Rb8 12. Rad1 Be6 13. b3 Qc7 14. Rfe1 Ng4 15. Nd5 Bxd5 16. cxd5 Nf6 17. Rc1 Qb6 18.
a4 Rbc8 19. Bh3 Rc7 20. Rxc7 Qxc7 21. Rc1 Qa5 22. Bd2 Qxd5 23. Qxd5 Nxd5 24. Bg2 e6 25.
Bxd5 exd5 26. Rc7 b5 27. axb5 axb5 28. Rb7 Re8 29. Kf1 Ra8 30. Rxb5 d4 31. b4 Ra1+ 32. Kg2 Ra2 33. Rb8+ Bf8 34. Bh6 1-0

[Event "Live Chess"]
[Site "Chess.com"]
[Date "2024.06.01"]
[Round "-"]
[White "imchessive"]
[Black "kylet1990"]
[Result "1-0"]
[WhiteElo "1593"]
[BlackElo "738"]
[TimeControl "300"]
[EndTime "13:36:59 PDT"]
[Termination "imchessive won by resignation"]

1. d4 c6 2. c4 d5 3. Nf3 Bf5 4. Nc3 e6 5. g3 Bb4 6. Bf4 Bxc3+ 7. bxc3 Qa5 8. Qb3 b5 9. cxb5 cxb5 10. e3 Nc6 11.
Bxb5 Rc8 12. Bxc6+ Rxc6 13. Qb8+ Ke7 14. O-O Rxc3 15.
Rac1 Rxc1 16. Rxc1 Qd8 17. Rc7+ Kf6 18. Qxd8+ 1-0

[Event "Live Chess"]
[Site "Chess.com"]
[Date "2024.06.01"]
[Round "-"]
[White "cymbalshift"]
[Black "defenderalist"]
[Result "0-1"]
[WhiteElo "1594"]
[BlackElo "1548"]
[TimeControl "300"]
[EndTime "13:37:01 PDT"]
[Termination "defenderalist won by resignation"]

1. d4 Nf6 2. c4 e6 3. Nc3 d5 4.
Bg5 Nbd7 5. cxd5 exd5 6. e3 c6 7. Bd3 Be7 8. Nge2 h6 9. Bh4 g5 10. Bg3 Nh5 11. Qc2 Nxg3 12. hxg3 Nb6 13. O-O-O Be6 14.
f4 Qc7 15. f5 Bd7 16. Rdf1 O-O-O 17. f6 Bd6 18. Rh3 Bxh3 19. gxh3 Bxg3 20. Bf5+ Kb8 21. e4 Rhe8 22. Kb1 dxe4 23. Nxe4 Bf4 24. Nxf4 gxf4 25. Rg1 Nd5 26. Rg7 Ne3 27. Qb3 Nxf5 28. Rxf7 Rd7 29.
Rxd7 Qxd7 30. Nc5 Qh7 31. f7 Nxd4+ 32. Ka1 Re1+ 0-1

[Event "Live Chess"]
[Site "Chess.com"]
[Date "2024.06.01"]
[Round "-"]
[White "Dhaydon19"]
[Black "WelshTiger"]
[Result "1-0"]
[WhiteElo "2673"]
[BlackElo "2531"]
[TimeControl "300"]
[EndTime "13:37:11 PDT"]
[Termination "Dhaydon19 won by resignation"]

1. d3 e5 2. Nf3 Nc6 3. g3 g6 4.
Bg2 Bg7 5. c4 Nge7 6. O-O O-O 7.
Nc3 d6 8. Bd2 h6 9. a3 a5 10.
Rb1 Kh7 11. b4 axb4 12. axb4 Be6 13. e4 f5 14. b5 Nd4 15. Nxd4 exd4 16. Ne2 c6 17. Nf4 Bd7 18. exf5 Bxf5 19. bxc6 bxc6 20. Re1 Qd7 21. Be4 Bxe4 22. Rxe4 d5 23. cxd5 Nxd5 24.
Ne6 Rf7 25. Nf4 Nxf4 26. Bxf4 g5 27. Bd2 Qf5 28. Be1 Ra2 29. Qg4 Qxg4 30. Rxg4 Re7 31. Kf1 c5 32. h4 Kg6 33. hxg5 hxg5 34. Rc1 Re5 35. f4 Rf5 36. Rxg5+ Rxg5 37. fxg5 Bf8 38. Rb1 Kxg5 39. Rb8 Bd6 40. Rd8 Be5 41. Rd5 Kf5 42.
Rxc5 Ke6 43. Rb5 Bd6 44. g4 Rh2 45. Rb6 Kd5 46. Rxd6+ Kc5 47. Rf6 Kd5 48. Rf5+ Ke6 49. Rf4 Kd5 50. g5 Rh1+ 51. Kf2 Rh2+ 52. Kf3 1-0

[Event "Live Chess"]
[Site "Chess.com"]
[Date "2024.06.01"]
[Round "-"]
[White "Crowded_House"]
[Black "Delacorta"]
[Result "1-0"]
[WhiteElo "1741"]
[BlackElo "1554"]
[TimeControl "300"]
[EndTime "13:37:22 PDT"]
[Termination "Crowded_House won by checkmate"]

1. d4 e6 2. Nf3 f5 3. Bg5 Nf6 4. Ne5 Be7 5. e3 O-O 6. Bd3 Ne4 7. Bxe7 Qxe7 8. O-O d6 9. Nf3 Bd7 10. Nbd2 d5 11. Ne5 Be8 12. f3 Nd7 13. fxe4 fxe4 14. Be2 Nxe5 15. Rxf8+ Qxf8 16. dxe5 Bg6 17. Qf1 Qe7 18.
Kh1 Rf8 19. Qg1 Rf5 20. Rf1 Qf7 21. Rxf5 Bxf5 22. Qf1 Qd7 23. Nb3 Qa4 24. a3 b6 25.
Nd4 Bg6 26. Nxe6 Qxc2 27. Qf8# 1-0

[Event "Live Chess"]
[Site "Chess.com"]
[Date "2024.06.01"]
[Round "-"]
[White "jimwad"]
[Black "educatedlad"]
[Result "1/2-1/2"]
[WhiteElo "1287"]
[BlackElo "1741"]
[TimeControl "300"]
[EndTime "13:37:31 PDT"]
[Termination "Game drawn by repetition"]

1. c4 c5 2. g3 Nc6 3. Bg2 g6 4. Nc3 Bg7 5. e3 d6 6. Nge2 e6 7. O-O Nge7 8. d4 O-O 9. d5 exd5 10. Nxd5 Nxd5 11. Bxd5 Be6 12. Bxc6 bxc6 13. Qc2 Bf5 14. e4 Bh3 15. Rd1 Re8 16. Nf4 Bg4 17. Re1 Be5 18. h3 Bf3 19. Ng2 Qd7 20. Kh2 Rab8 21. Rb1 f5 22.
exf5 Bxg2 23. Kxg2 gxf5 24. Bf4 Bxf4 25. gxf4 Qg7+ 26.
Kh2 Qd4 27. Rg1+ Kf7 28. Qxf5+ Ke7 29. Rbe1+ Kd8 30. Qg5+ Kc7 31. Rxe8 Rxe8 32. Qg7+ Kb6 33. Qxd4 cxd4 34. b3 Re2 35. Kg3 d3 36. Rd1 Rxa2 37. Rxd3 Kc5 38. f5 Re2 39. f6 Re6 40. f7 Rg6+ 41. Kh2 Rf6 42. f4 Rxf7 43. Rf3 a5 44. Kg3 d5 45. cxd5 cxd5 46. Kg4 d4 47. Kg5 Kb4 48.
f5 d3 49. Rxd3 h6+ 50. Kxh6 Rxf5 51. Kg6 Rc5 52. h4 Rc6+ 53. Kg5 Rc5+ 54. Kg6 Rc6+ 55. Kg7 Rc5 56. Kg6 1/2-1/2

[Event "Live Chess"]
[Site "Chess.com"]
[Date "2024.06.01"]
[Round "-"]
[White "Stanbad1"]
[Black "KGreenGator"]
[Result "1-0"]
[WhiteElo "2652"]
[BlackElo "1761"]
[TimeControl "300"]
[EndTime "13:37:41 PDT"]
[Termination "Stanbad1 won by resignation"]

1. d4 d5 2. c4 e6 3. Nc3 Nf6 4. cxd5 exd5 5. Bg5 Be7 6. e3 c6 7. Bd3 O-O 8. Qc2 g6 9. Nge2 Nbd7 10. O-O b6 11. f3 Bb7 12. e4 dxe4 13. fxe4 c5 14. e5 Nd5 15. Bxe7 Qxe7 16. Nxd5 Bxd5 17. Be4 Bxe4 18.
Qxe4 cxd4 19. Nxd4 Qxe5 20. Qh4 Nc5 21. Rae1 Qd5 22.
Nf3 Qxa2 23. Qh6 Qxb2 24. Re5 Ne6 25. Rf2 Qc3 26. h3 a5 27. Rfe2 a4 28. R2e3 Qb2 29. Re2 Qc3 30. R2e3 Qc7 31. h4 a3 32. Re1 a2 33. Ra1 Qc3 34. Ree1 Nc5 35. Rec1 Qg7 36. Qe3 Rfe8 37. Qc3 Qxc3 38. Rxc3 Ne4 39. Rc2 b5 40.
Rcxa2 Rxa2 41. Rxa2 Nc3 42. Rb2 Re2 43. Rb3 Rc2 44. Kh2 Kg7 45. Nd4 Rc1 46. Rb2 Rb1 47. Rc2 Nd1 48. Rc7 Ne3 49. Ne6+ Kf6 50. Ng5 h6 51.
Rxf7+ Ke5 52. Nf3+ Ke4 53. Nd2+ Kd3 54. Nxb1 b4 55. Rb7 Kc4 56. Nd2+ Kc3 57. Ne4+ Kc4 58. Kg3 Nd5 59. h5 g5 60. Nxg5 b3 61. Ne4 Ne3 62.
Nd2+ 1-0

[Event "Live Chess"]
[Site "Chess.com"]
[Date "2024.06.01"]
[Round "-"]
[White "TigerTank70"]
[Black "TedUdale"]
[Result "1-0"]
[WhiteElo "2222"]
[BlackElo "2127"]
[TimeControl "300"]
[EndTime "13:37:41 PDT"]
[Termination "TigerTank70 won by checkmate"]

1. e4 c5 2. d4 cxd4 3. c3 Nc6 4.
cxd4 d5 5. e5 Bf5 6. Nf3 e6 7.
Nc3 Bb4 8. Bd3 Nge7 9. O-O O-O 10. Ng5 h6 11. Nf3 Qb6 12. Be3 Rac8 13. a3 Bxc3 14.
bxc3 Bxd3 15. Qxd3 Nf5 16. Rfb1 Qc7 17. g4 Nfe7 18.
Bd2 b6 19. g5 h5 20. Nh4 Na5 21. Qf3 g6 22. Be1 Nc4 23. Ng2 Nf5 24. Ne3 Ncxe3 25. fxe3 Qe7 26. h4 Nxh4 27. Bxh4 Rxc3 28. Qf4 Rfc8 29.
Bf2 Rxa3 30. Rxa3 Qxa3 31. Kg2 Rc2 32. Rf1 Qd3 33. Kg1 b5 34. Be1 b4 35. Qxf7+ Kh8 36. Qf8+ Kh7 37. Rf7# 1-0

[Event "Live Chess"]
[Site "Chess.com"]
[Date "2024.06.01"]
[Round "-"]
[White "Duke_of_Bebington"]
[Black "Silverback7829"]
[Result "1-0"]
[WhiteElo "1618"]
[BlackElo "976"]
[TimeControl "300"]
[EndTime "13:37:48 PDT"]
[Termination "Duke_of_Bebington won by checkmate"]

1. e4 e5 2. Nf3 Nc6 3. Bc4 d6 4.
d3 Nf6 5. Bg5 h6 6. Bh4 Nb4 7.
c3 Nc6 8. d4 Nxe4 9. Bxd8 Nxd8 10. dxe5 dxe5 11. Nxe5 Bc5 12. O-O f6 13. Qh5+ Ke7 14.
Ng6+ Kd6 15. Na3 Rh7 16. Rad1+ Kc6 17. b4 Bxf2+ 18. Rxf2 Nxf2 19. Qc5# 1-0

[Event "Live Chess"]
[Site "Chess.com"]
[Date "2024.06.01"]
[Round "-"]
[White "GwaryTek"]
[Black "jellhhggffhjjjjjj"]
[Result "1-0"]
[WhiteElo "1928"]
[BlackElo "139"]
[TimeControl "300"]
[EndTime "13:37:54 PDT"]
[Termination "GwaryTek won by checkmate"]

1. d4 d5 2. c4 e6 3. Nc3 c6 4. Nf3 Bb4 5. Bg5 Nf6 6. Qc2 h6 7. Bh4 g5 8. Bg3 Nh5 9. e3 Nxg3 10.
hxg3 f5 11. O-O-O Nd7 12. g4 Qf6 13. gxf5 exf5 14. cxd5 f4 15. dxc6 bxc6 16. Qe4+ Kd8 17. Ne5 Nxe5 18. dxe5+ Bd7 19. exf6 Bxc3 20. Qe7+ Kc7 21.
Rxd7+ Kb6 22. Rb7+ Ka5 23. Qa3# 1-0

[Event "Live Chess"]
[Site "Chess.com"]
[Date "2024.06.01"]
[Round "-"]
[White "IanCalvert2"]
[Black "Mangoalo"]
[Result "1/2-1/2"]
[WhiteElo "1566"]
[BlackElo "1042"]
[TimeControl "300"]
[EndTime "13:38:03 PDT"]
[Termination "Game drawn - timeout vs insufficient material"]

1. b3 Nf6 2. Bb2 e5 3. Bxe5 d6 4. Bb2 Nc6 5. Nf3 Bf5 6. d3 h6 7. Nbd2 Be7 8. g3 Qd7 9. Bg2 O-O-O 10. O-O Ne5 11. Nxe5 dxe5 12. Bxe5 Bd6 13. Bxd6 Qxd6 14. c4 c5 15. a3 Rhe8 16. b4 cxb4 17. axb4 a6 18.
b5 axb5 19. cxb5 Kd7 20. e4 Bh7 21. f4 Ng8 22. Nc4 Qd4+ 23. Kh1 Ke7 24. Qb3 Kf8 25.
Qb4+ Re7 26. Rfb1 Qxd3 27. Ne5 Rd4 28. Ra8+ Rd8 29. Rxd8+ Qxd8 30. b6 g5 31. Rc1 Kg7 32. Qb2 f6 33. Ng4 gxf4 34. e5 fxe5 35. Nxe5 Nf6 36. gxf4 Qe8 37. Ng4 Qf7 38. Qxf6+ Qxf6 39. Nxf6 Kxf6 40. Rc7 Rxc7 41. bxc7 Bf5 42. Bxb7 h5 43.
c8=Q Bxc8 44. Bxc8 h4 45. Kg2 Kg6 46. Kh3 Kf6 47. Kxh4 Kf7 1/2-1/2

[Event "Live Chess"]
[Site "Chess.com"]
[Date "2024.06.01"]
[Round "-"]
[White "CarmelJane"]
[Black "JohanKjeldahl"]
[Result "1/2-1/2"]
[WhiteElo "2082"]
[BlackElo "1871"]
[TimeControl "300"]
[EndTime "13:38:12 PDT"]
[Termination "Game drawn by repetition"]

1. e4 c5 2. Nf3 e6 3. d4 cxd4 4.
Nxd4 Nc6 5. g3 Nf6 6. Bg2 a6 7. O-O Qc7 8. Nc3 Be7 9. Nxc6 dxc6 10. Kh1 O-O 11. f4 b5 12. e5 Nd5 13. Nxd5 cxd5 14.
c3 Bb7 15. Be3 Rac8 16. Bd4 Bc5 17. Rc1 Qb6 18. Qd3 Rc7 19. f5 Bxd4 20. cxd4 Rxc1 21. Rxc1 Rc8 22. Rxc8+ Bxc8 23. f6 g6 24. Qd2 Qd8 25.
h4 h5 26. Bf3 Kh7 27. g4 hxg4 28. Bxg4 Qf8 29. h5 Qh6 30. Qxh6+ Kxh6 31. hxg6 Kxg6 32. Kg2 b4 33. Kg3 a5 34. a3 Ba6 35. Bd1 Bb5 36. axb4 axb4 37. Kf4 Kh6 38. Ke3 Kg5 39. Bc2 Kg4 40. Kf2 Kf4 41. Bb1 Ba6 42. Bh7 Bb5 43. Bg8 Be8 44. Bh7 Bb5 45. Bg8 Be8 46.
Bh7 Bb5 1/2-1/2

[Event "Live Chess"]
[Site "Chess.com"]
[Date "2024.06.01"]
[Round "-"]
[White "Eva3337"]
[Black "Tushinskiy"]
[Result "0-1"]
[WhiteElo "1169"]
[BlackElo "2268"]
[TimeControl "300"]
[EndTime "13:38:41 PDT"]
[Termination "Tushinskiy won by resignation"]

1. e4 e5 2. Nf3 d6 3. c3 Bg4 4. Be2 Nd7 5. h3 Bh5 6. b4 Ngf6 7.
d3 c6 8. Nh2 Bg6 9. Ng4 Be7 10.
Bg5 a5 11. Nxf6+ Nxf6 12. b5 O-O 13. bxc6 bxc6 14. f4 exf4 15. Bxf4 Re8 16. d4 Nxe4 17.
Bf3 Bh4+ 18. g3 Bxg3+ 19. Bxg3 Nxg3+ 20. Kf2 Nxh1+ 21. Qxh1 Qh4+ 22. Kg2 Re1 23. Nd2 Rxh1 24. Rxh1 Re8 25. Nf1 d5 26. Rg1 h5 27. Ng3 Re3 28. Kf2 Rxc3 0-1

[Event "Live Chess"]
[Site "Chess.com"]
[Date "2024.06.01"]
[Round "-"]
[White "booktrunk"]
[Black "wadsy27"]
[Result "0-1"]
[WhiteElo "1396"]
[BlackElo "2539"]
[TimeControl "300"]
[EndTime "13:38:43 PDT"]
[Termination "wadsy27 won by resignation"]

1. d4 c5 2. dxc5 e6 3. Nc3 Bxc5 4. Bf4 d5 5. e3 Nf6 6. Nb5 Na6 7. a3 O-O 8. b4 Be7 9. Nf3 Bd7 10. Be2 Ne4 11.
O-O Bf6 12. Rc1 Bxb5 13. Bxb5 Bb2 14. Rb1 Nc3 15. Qe2 Nxe2+ 0-1

[Event "Live Chess"]
[Site "Chess.com"]
[Date "2024.06.01"]
[Round "-"]
[White "Cimon"]
[Black "ProfPoisson"]
[Result "1-0"]
[WhiteElo "1826"]
[BlackElo "1292"]
[TimeControl "300"]
[EndTime "13:39:12 PDT"]
[Termination "Cimon won by resignation"]

1. d4 e6 2. Nf3 f5 3. c4 Nf6 4.
Nc3 Bb4 5. g3 Bxc3+ 6. bxc3 b6 7. Bg2 Bb7 8. d5 O-O 9. Nh4 Ne4 10. Bb2 Na6 11. O-O Nac5 12. Nf3 Ba6 13. Ne5 Qf6 14. f4 Na4 15. Qxa4 Qh6 16. Qxa6 1-0